 Dungeon Crawl Stone Soup version 0.21-a0-155-gb8a8bae (webtiles) character file.

579 MirrMurr the Spear-Bearer (level 7, -3/55 HPs)
             Began as a Merfolk Gladiator on Aug 3, 2017.
             Was a Follower of Okawaru.
             Killed by nerve-wracking pain
             ... invoked by Grinder
              (8 damage)
             ... on level 3 of the Dungeon.
             The game lasted 00:07:33 (3445 turns).

MirrMurr the Spear-Bearer (Merfolk Gladiator)       Turns: 3445, Time: 00:07:34

Health: -3/55      AC:  7    Str: 16    XL:     7   Next: 36%
Magic:  6/7        EV: 15    Int:  7    God:    Okawaru [*.....]
Gold:   108        SH:  0    Dex: 18    Spells: 6/6 levels left

rFire    . . .     SeeInvis .   a - +1 trident
rCold    . . .     Gourm    .   (no shield)
rNeg     . . .     Faith    .   p - -1 scale mail (curse)
rPois    .         Spirit   .   c - +0 helmet
rElec    .         Reflect  .   (no cloak)
rCorr    .         Harm     .   (no gloves)
MR       .....                  l - +0 pair of boots
Stlth    ..........             (no amulet)
HPRegen  0.18/turn              (no ring)
MPRegen  0.10/turn              (no ring)

@: no status effects
A: change form in water, swift swim, stealthy swim, repulsion field 1, agile 1,
blurry vision 1, subdued magic 1
a: Heroism, Renounce Religion


You were on level 3 of the Dungeon.
You worshipped Okawaru.
Okawaru was aware of your devotion.
You were hungry.

You visited 1 branch of the dungeon, and saw 4 of its levels.

You collected 108 gold pieces.

Inventory:

Hand Weapons
 a - a +1 trident (weapon)
 t - a +0 blowgun
 w - a +0 blowgun
Missiles
 d - 2 throwing nets {!f}
 e - a tomahawk (quivered)
 n - 59 stones
 o - 31 poisoned needles
Armour
 b - a +0 leather armour
 c - a +0 helmet (worn)
 l - a +0 pair of boots (worn)
 p - a cursed -1 scale mail (worn)
 q - a +0 ring mail
 u - a +0 scale mail
Jewellery
 g - a cursed -3 ring of strength {unknown}
 y - an uncursed ring of poison resistance {unknown}
Scrolls
 s - a scroll of teleportation
 z - a scroll of identify
Potions
 i - a potion of brilliance {unknown}
 j - a potion of lignification {unknown}
 k - a potion of mutation
 m - a potion of curing {unknown}
 r - a potion of heal wounds
 x - a potion of cancellation {unknown}
Comestibles
 f - 2 bread rations
 h - a fruit
 v - a royal jelly
 A - 11 chunks of flesh


   Skills:
 + Level 4.6 Fighting
 * Level 8.8 Polearms
 - Level 2.0 Throwing
 + Level 0.0 Armour
 - Level 6.5 Dodging
 + Level 0.0 Invocations


You had 6 spell levels left.
You didn't know any spells.

Dungeon Overview and Level Annotations

Branches:
Dungeon (4/15)
 Temple: D:4-7

Altars:
Okawaru
The Shining One

Annotations:
D:3 Grinder


Innate Abilities, Weirdness & Mutations

You revert to your normal form in water.
You are very nimble and swift while swimming.
You are very stealthy in the water. (Stealth+)
You are surrounded by a mild repulsion field. (EV +2)
You are agile. (Dex +2)
Scrolls take you a little longer to read.
Your spells are a little easier to cast, but a little less powerful.


Message History

Pain shoots through your body!
* * * LOW HITPOINT WARNING * * *
You can move again.
Throwing (i - inventory. (,) - cycle):
e - 3 tomahawks (quivered)
Press: ? - help, Shift-Dir - straight line, f/p - Grinder
Aim: Grinder (almost dead, unusually strong)
You throw a tomahawk. The tomahawk hits Grinder.
Grinder is almost dead.
Throwing (i - inventory. (,) - cycle):
e - 2 tomahawks (quivered)
Press: ? - help, Shift-Dir - straight line, f/p - Grinder
Aim: Grinder (almost dead, unusually strong)
You throw a tomahawk. The tomahawk barely misses Grinder.
Grinder blinks!
Throwing (i - inventory. (,) - cycle):
e - a tomahawk (quivered)
Press: ? - help, Shift-Dir - straight line, f/p - Grinder
Aim: Grinder (almost dead, unusually strong)
Okay, then.
Grinder no longer looks unusually strong.
Grinder gestures at you. Pain shoots through your body!
You die...

....# #.##...<....#
###.##########......)...(########
.................................
###.##########..........##.......
###.## #.........(..#.......
##...### ###.....§....#.....5.
##.....########..........#.......
.........................#.......
.......###...##5@........#.......
..............#)†..(.....#.......
...######.....)).(..(........#.##
...# #.....####........ #. ...#
#.###. ....... ...# # .......
...# ....... ...# ....... .......
#### ....... .......


You could see Grinder.

Vanquished Creatures
  Menkaure (D:4)
  A sky beast (D:4)
  2 scorpions (D:4)
  An orc priest (D:3)
  A worker ant (D:4)
  A howler monkey zombie (D:3)
  Robin (D:3)
  5 gnolls
  3 adders
  2 worms (D:2)
  4 dart slugs
  3 leopard geckos
  8 orcs
  A ball python (D:2)
  5 bats
  3 giant cockroaches
  13 goblins
  13 hobgoblins
  11 jackals
  5 frilled lizards
  3 kobolds
  7 rats
94 creatures vanquished.

Notes
Turn   | Place    | Note
-------+----------+-------------------------------------------
     0 | D:1      | MirrMurr the Merfolk Gladiator began the quest for the Orb.
     0 | D:1      | Reached XP level 1. HP: 16/16 MP: 1/1
   197 | D:1      | Reached XP level 2. HP: 23/23 MP: 2/2
   860 | D:2      | Reached XP level 3. HP: 26/28 MP: 3/3
   967 | D:2      | Reached skill level 5 in Polearms
  1261 | D:2      | Found an iron altar of Okawaru.
  1275 | D:2      | Became a worshipper of Warmaster Okawaru
  1334 | D:2      | Reached XP level 4. HP: 34/34 MP: 4/4
  1549 | D:3      | Reached skill level 5 in Dodging
  1557 | D:3      | Noticed Grinder
  1557 | D:3      | Paralysed by Grinder for 3 turns
  1598 | D:3      | Noticed Robin
  1616 | D:2      | Reached skill level 6 in Polearms
  1970 | D:3      | Reached XP level 5. HP: 6/41 MP: 5/5
  2519 | D:3      | Paralysed by Grinder for 2 turns
  2541 | D:4      | Noticed a sky beast
  2559 | D:4      | Killed a sky beast
  2559 | D:4      | Reached skill level 7 in Polearms
  2559 | D:4      | Reached XP level 6. HP: 28/48 MP: 6/6
  2851 | D:4      | Found a glowing golden altar of the Shining One.
  2874 | D:4      | Reached * piety under Okawaru
  2921 | D:4      | Reached skill level 8 in Polearms
  2976 | D:4      | Noticed Menkaure
  2986 | D:4      | Killed Menkaure
  2986 | D:4      | Reached XP level 7. HP: 25/55 MP: 7/7
  3362 | D:3      | Killed Robin
  3420 | D:3      | Paralysed by Grinder for 7 turns
  3428 | D:3      | Gained mutation: You are agile. (Dex +2) [potion of mutation]
  3428 | D:3      | Gained mutation: Your spells are a little easier to cast, but a little less powerful. [potion of mutation]
  3428 | D:3      | Gained mutation: Scrolls take you a little longer to read. [potion of mutation]
  3428 | D:3      | Gained mutation: You are surrounded by a mild repulsion field. (EV +2) [potion of mutation]
  3441 | D:3      | Paralysed by Grinder for 2 turns
  3445 | D:3      | Killed from afar by Grinder

Vault maps used:
D:1:      lightli_arrival_noodles
D:2:      okawaru_altar_gauntlet_db
D:3:      uniq_grinder, uniq_robin
D:4:      first_bread, nicolae_tso_carved_into_rock, uniq_menkaure

Skill      XL: |  1  2  3  4  5  6 |
---------------+-------------------+-----
Polearms       | 5 6 7 8 |  8.8
Fighting       | 3 4 |  4.6
Dodging        | 5 6 |  6.5
Throwing       | |  2.0

Action                   |  1- 3 |  4- 6 |  7- 9 || total
-------------------------+-------+-------+-------++-------
Melee: Trident           |   105 |   177 |    98 ||   380
Throw: Throwing net      |       |     1 |       ||     1
       Tomahawk          |       |       |     3 ||     3
Invok: Heroism           |       |       |     1 ||     1
  Use: Scroll            |     4 |     1 |       ||     5
       Potion            |       |       |     2 ||     2
 Stab: Held in net/web   |       |     1 |       ||     1
  Eat: Chunk             |     1 |     5 |     1 ||     7
       Fruit             |       |     1 |       ||     1
Armor: Leather armour    |     3 |       |       ||     3
       Scale mail        |    30 |    54 |    34 ||   118
Dodge: Dodged            |    50 |   102 |    55 ||   207
